 Dungeon Crawl Stone Soup version 0.27.0-1-g7a089689b8 (webtiles) character file.

Game seed: 6665717088407633464

115285 DildoBatman the Earth Mage (level 17, 0/128 HPs)
             Began as a Formicid Conjurer on Aug 5, 2021.
             Was an Initiate of Gozag.
             Slain by a storm dragon (11 damage)
             ... on level 2 of the Depths.
             The game lasted 01:46:58 (22614 turns).

DildoBatman the Earth Mage (Formicid Conjurer)     Turns: 22614, Time: 01:46:58

Health: 0/128      AC: 12    Str: 21    XL:     17   Next: 23%
Magic:  18/38      EV: 17    Int: 23    God:    Gozag
Gold:   3883       SH: 19    Dex: 22    Spells: 18/32 levels left

rFire    + . .     SeeInvis +   a - +8 dagger "Xuala" {spect, rN+ Str+7 Int+3}
rCold    . . .     Faith    .   Y - +0 kite shield
rNeg     + + .     Spirit   .   p - +3 leather armour "Haivaiff" {rN+}
rPois    .         Reflect  +   (helmet unavailable)
rElec    .         Harm     .   w - +0 cloak
rCorr    .         Rampage  .   i - +1 pair of gloves
Will     +....     Clarity  +   R - +0 pair of boots
Stlth    +++.......             g - amulet of reflection
HPRegen  0.31/turn              Q - ring "Ninad" {rF+ Dex+6 Stlth+}
MPRegen  0.26/turn              A - ring "Weupp" {+Blink MP+9}

@: no status effects
A: permanent stasis, dig shafts and tunnels, antennae 3, four strong arms, agile
1, clarity, strong 1, subdued magic 1
a: Dig, Shaft Self, Renounce Religion, Potion Petition, Call Merchant, Bribe
Branch


You were on level 2 of the Depths.
You worshipped Gozag.
Gozag was most pleased with you.
You visited 4 branches of the dungeon, and saw 20 of its levels.
You also visited: Gauntlet.

You collected 8031 gold pieces.
You spent 3393 gold pieces at shops.
You paid 755 gold pieces to Gozag.

Inventory:

Hand Weapons
 a - the +8 dagger "Xuala" (weapon) {spect, rN+ Str+7 Int+3}
   (You took it off an orc on level 4 of the Dungeon)

   When its wielder attacks, the weapon's spirit leaps out and strikes again.
   The spirit shares a part of any damage it takes with its wielder.
   Str:       It affects your strength (+7).
   Int:       It affects your intelligence (+3).
   rN:        It protects you from negative energy.
 b - a +3 shortbow
 c - the +1 glaive "Rygeddif" {flame, rC+}
   (You found it on level 1 of the Depths)

   It burns those it strikes, dealing additional fire damage.
   Big, fiery blades are also staple armaments of hydra-hunters.
   rC:        It protects you from cold.
 d - the +8 flail "Isocw" {chaos, rPois MP+9 Int+2}
   (You found it on level 15 of the Dungeon)

   Each time it hits an enemy it has a different, random effect.
   Int:       It affects your intelligence (+2).
   rPois:     It protects you from poison.
   MP:        It affects your magic capacity (+9).
 f - the +8 whip of Optimality {vorpal, Drain rC++ rCorr Int+3}
   (You found it on level 14 of the Dungeon)

   It inflicts extra damage upon your enemies.
   Int:       It affects your intelligence (+3).
   rC:        It greatly protects you from cold.
   rCorr:     It protects you from acid and corrosion.
   Drain:     It drains your maximum health when unequipped.
 N - the +6 shillelagh "Devastator" {shatter}
   (You found it on level 1 of the Depths)

   It releases a powerful concussive burst when it strikes, dealing extra damage
   to the target and all other foes adjacent to them.
Missiles
 h - 273 arrows
 r - 9 silver javelins
 K - a throwing net
 M - 119 sling bullets
 S - 161 bolts
Armour
 i - a +1 pair of gloves (worn)
 m - a +2 robe of cold resistance
 p - the +3 leather armour "Haivaiff" (worn) {rN+}
   (You took it off an orc on level 4 of the Dungeon)

   rN:        It protects you from negative energy.
 w - a +0 cloak (worn)
 B - a +0 robe of willpower
 R - a +0 pair of boots (worn)
 Y - a +0 kite shield (worn)
Jewellery
 g - an amulet of reflection (around neck)
 A - the ring "Weupp" (right hand) {+Blink MP+9}
   (You bought it in a shop on level 8 of the Dungeon)

   [ring of magical power]

   MP:        It affects your magic capacity (+9).
   +Blink:    It lets you blink.
 Q - the ring "Ninad" (left hand) {rF+ Dex+6 Stlth+}
   (You acquired it on level 12 of the Dungeon)

   [ring of dexterity]

   Dex:       It affects your dexterity (+6).
   rF:        It protects you from fire.
   Stlth:     It makes you more stealthy.
Wands
 u - a wand of acid (36) (quivered)
 J - a wand of iceblast (67)
Scrolls
 k - 9 scrolls of enchant armour
 n - 2 scrolls of torment
 o - a scroll of blinking {unknown}
 q - 2 scrolls of immolation {unknown}
 y - a scroll of amnesia {unknown}
 z - 4 scrolls of identify
 D - 2 scrolls of summoning
 E - 4 scrolls of fear
 H - a scroll of noise {unknown}
 L - a scroll of fog {unknown}
 P - a scroll of holy word {unknown}
Potions
 j - 6 potions of might
 l - 5 potions of brilliance
 s - 4 potions of invisibility
 t - a potion of attraction {unknown}
 x - a potion of haste {unknown}
 C - 11 potions of curing
 F - 4 potions of heal wounds
 G - 2 potions of cancellation
 O - 3 potions of resistance
 T - 3 potions of ambrosia
 W - a potion of mutation
 X - 3 potions of flight
Miscellaneous
 v - a piece from Xom's chessboard (15/15)
 I - a tin of tremorstones (2/2)
 V - a phantom mirror
 Z - a tin of tremorstones (2/2)


   Skills:
 - Level 10.0 Fighting
 - Level 10.0 Armour
 - Level 7.0 Dodging
 - Level 2.4 Stealth
 * Level 13.6 Shields
 - Level 8.0 Spellcasting
 - Level 6.0 Conjurations
 - Level 12.0 Necromancy
 - Level 6.0 Ice Magic
 - Level 18.4 Earth Magic


You had 18 spell levels left.
You knew the following spells:

 Your Spells              Type           Power      Damage    Failure   Level
a - Borgnjor's Vile Clut  Necr/Erth      28%        N/A       1%          5
b - Frozen Ramparts       Ice            56%        1d7       1%          3
c - Searing Ray           Conj           56%        3d5       1%          2
d - Vampiric Draining     Necr           24%        2d9       1%          3
f - Magic Dart            Conj           100%       1d8       1%          1

Your spell library contained the following spells:

 Spells                   Type           Power      Damage    Failure   Level
 Sandblast                Erth           100%       2d20      0%          1
 Animate Skeleton         Necr           98%        N/A       1%          1
 Freeze                   Ice            100%       1d11      1%          1
 Pain                     Necr           100%       1d9       1%          1
 Passwall                 Tmut/Erth      32%        N/A       1%          2
 Ozocubu's Armour         Ice            28%        N/A       1%          3
 Stone Arrow              Conj/Erth      100%       3d13      1%          3
 Animate Dead             Necr           24%        N/A       1%          4
 Leda's Liquefaction      Hex/Erth       19%        N/A       1%          4
 Agony                    Necr           49%        N/A       1%          5
 Excruciating Wounds      Necr           24%        N/A       1%          5
 Lee's Rapid Deconstruct  Erth           32%        3d17*     1%          5
 Ensorcelled Hibernation  Hex/Ice        34%        N/A       2%          2
 Hailstorm                Conj/Ice       28%        3d8       4%          4
 Conjure Flame            Conj/Fire      17%        6-21      5%          3
 Dazzling Flash           Conj/Hex       34%        N/A       5%          3
 Beastly Appendage        Tmut           14%        N/A       6%          1
 Corona                   Hex            7%         N/A       6%          1
 Summon Small Mammal      Summ           28%        N/A       6%          1
 Bolt of Magma            Conj/Fire/Erth 17%        4d9       6%          5
 Death Channel            Necr           24%        N/A       7%          6
 Slow                     Hex            7%         N/A       10%         2
 Wereblood                Tmut           7%         N/A       10%         2
 Call Canine Familiar     Summ           7%         N/A       19%         3
 Confusing Touch          Hex            7%         N/A       19%         3
 Ignite Poison            Fire/Tmut/Pois 7%         N/A       19%         3
 Portal Projectile        Hex/Tloc       14%        N/A       19%         3
 Spider Form              Tmut/Pois      3%         N/A       19%         3
 Summon Guardian Golem    Hex/Summ       7%         N/A       19%         3
 Tukima's Dance           Hex            7%         N/A       19%         3
 Fulminant Prism          Conj/Hex       8%         3d7       19%         4
 Iskenderun's Mystic Bla  Conj/Tloc      17%        2d5       19%         4
 Sticky Flame             Conj/Fire      17%        2d4       19%         4
 Summon Ice Beast         Ice/Summ       17%        N/A       19%         4
 Simulacrum               Ice/Necr       19%        N/A       24%         6
 Metabolic Englaciation   Hex/Ice        8%         N/A       47%         5
 Summon Mana Viper        Hex/Summ       7%         N/A       89%         5
 Shatter                  Erth           32%        3d26*     98%         9
 Monstrous Menagerie      Summ           3%         N/A       100%        7


Dungeon Overview and Level Annotations

Branches:
Dungeon (15/15)            Temple (1/1) D:6            Lair (0/6) D:10
    Orc (2/2) D:10            Elf (0/3) Orc:2        Vaults (0/5) D:14
 Depths (2/5) D:15        Gauntlet (visited)

Altars:
Ashenzari
Cheibriados
Dithmenos
Elyvilon
Fedhas
Gozag
Hepliaklqana
Kikubaaqudgha
Makhleb
Nemelex Xobeh
Okawaru
Qazlal
Ru
Sif Muna
Trog
Uskayaw
Vehumet
Wu Jian
Xom
Yredelemnul
Zin
The Shining One
Beogh

Shops:
D:1 =:!   D:8 *   D:11 *   D:12 [   D:13 *   Orc:2 *(((!

Portals:
Hell: Depths:1
Ziggurat: Depths:1


Innate Abilities, Weirdness & Mutations

You cannot be hasted, slowed, berserked, paralysed or teleported.
You can dig through walls and to a lower floor.
You have a pair of large antennae on your head. (SInv)
Your four strong arms can wield two-handed weapons with a shield.
You are agile. (Dex +2)
You possess an exceptional clarity of mind.
Your muscles are strong. (Str +2)
Your spells are a little easier to cast, but a little less powerful.


Message History

You hear an angry hiss.
You hear a shout!
Casting: Vampiric Draining (safe; 1% risk of failure)
Confirm with . or Enter, or press ? or * to list all spells.
Aiming: Vampiric Draining (safe; 1% risk of failure)
Press: ? - help, Shift-Dir - straight line, f/p - storm dragon
Aim: a storm dragon (heavily wounded, catching its breath, constricted by zombie hands)
You draw life force from the storm dragon!
You feel life coursing into your body!
The zombie hands constrict the storm dragon!
The storm dragon bites you!! You block the storm dragon's attack.
The storm dragon barely misses you.
Casting: Vampiric Draining (safe; 1% risk of failure)
Confirm with . or Enter, or press ? or * to list all spells.
Aiming: Vampiric Draining (safe; 1% risk of failure)
Press: ? - help, Shift-Dir - straight line, f/p - storm dragon
Aim: a storm dragon (severely wounded, constricted by zombie hands)
You draw life force from the storm dragon!
You feel life coursing into your body.
The zombie hands constrict the storm dragon.
You block the storm dragon's attack. x2
The storm dragon barely misses you. You block the storm dragon's attack.
The storm dragon barely misses you. The storm dragon tramples you.
You stumble backwards!
The zombie hands lose their grip on the storm dragon.
Casting: Vampiric Draining (safe; 1% risk of failure)
Confirm with . or Enter, or press ? or * to list all spells.
Aiming: Vampiric Draining (safe; 1% risk of failure)
Press: ? - help, Shift-Dir - straight line, f/p - storm dragon
Aim: a storm dragon (severely wounded)
You draw life force from the storm dragon.
You feel life coursing into your body.
An ettin comes into view. It is wielding two +0 dire flails.
The storm dragon bites you but does no damage.
The storm dragon claws you!
You die...
Your body crumbles into a pile of gold.

$ ## $ .(#
{# { #(. #.
#.#
#.###.###.#
#......D# $
#.8...@.#{
#(......#
.....⌠....C
{{
##.......###
#.>...8.# {
#.......#
#.###.###. $
.# #. $ # $


You could see a storm dragon and an ettin.

Vanquished Creatures
  A lich (Depths:1)
  Jorgrun (Orc:1)
  Agnes (D:14)
  Kirke (D:14)
  A frost giant (Depths:1)
  A fire giant (Depths:1)
  An iron dragon (Depths:1)
  3 very ugly things (Depths:1)
  A reaper (Depths:1)
  A balrug (Depths:1)
  9 stone giants (Depths:1)
  A dire elephant (D:15)
  Snorg (D:11)
  A minotaur (Gauntlet)
  3 ettins (Depths:1)
  2 jiangshi (Depths:1)
  Josephine (D:10)
  2 fire dragons
  A great orb of eyes (Depths:1)
  2 naga warriors (D:13)
  A rakshasa (Depths:1)
  7 hydras
  Harold (D:7)
  A hell beast (Depths:1)
  6 ice dragons (Depths:1)
  Erolcha (D:11)
  3 ogre magi
  A boulder beetle (D:14)
  15 two-headed ogres
  2 centaur warriors
  A deep troll shaman (Depths:1)
  A tengu warrior (Depths:1)
  A deep troll earth mage (Depths:1)
  2 vampire magi (Depths:1)
  An iron troll (Depths:1)
  A flayed ghost (Depths:1)
  18 skeletal warriors
  2 deep trolls (Orc:2)
  A sea snake (D:12)
  2 glowing orange brains (Gauntlet)
  2 deep elf pyromancers
  Pikel (D:5)
  2 wizards
  2 necromancers
  A harpy (shapeshifter) (D:14)
  An orc knight (Orc:1)
  A salamander (D:15)
  4 manticores
  7 cyclopes
  A moth of wrath (Gauntlet)
  An iron dragon skeleton (Depths:1)
  5 ugly things
  A moth of wrath (shapeshifter) (Depths:1)
  A black mamba (D:13)
  Maurice (Orc:1)
  2 gargoyles
  A guardian serpent (shapeshifter) (D:13)
  A cane toad (shapeshifter) (D:14)
  3 kobold demonologists
  5 yaktaurs (D:15)
  An efreet (D:15)
  A spark wasp simulacrum (Depths:1)
  14 trolls
  Grinder (D:4)
  16 slime creatures
  2 hornets
  2 snapping turtles (D:12)
  A stone giant simulacrum (Depths:1)
  Sigmund (D:2)
  7 wraiths
  2 wyverns
  Eustachio (D:6)
  3 yaks (D:12)
  7 hogs (D:14)
  A shadow (D:10)
  10 vampire mosquitoes
  3 basilisks (D:10)
  2 steam dragons (D:9)
  The ghost of Quickbrownfox the Chiller, an amateur DsIE (D:4)
  A warg (Orc:1)
  Edmund (D:4)
  An acid dragon (D:10)
  2 water moccasins
  A naga (D:13)
  23 orc warriors
  2 sky beasts
  2 black bears (D:5)
  24 ogres
  6 wolves (Gauntlet)
  6 centaurs
  A phantom (D:4)
  3 lemures (D:5)
  2 kobold brigands
  A bullfrog (D:8)
  A wyvern zombie (D:8)
  A gnoll sergeant (D:11)
  A scorpion (D:6)
  3 water moccasin skeletons
  14 killer bees
  3 wights (D:9)
  4 howler monkeys
  4 centaur zombies
  A hound (D:5)
  4 gnoll shamans
  24 orc priests
  Crazy Yiuf (D:7)
  A jelly (D:6)
  A bullfrog skeleton (D:5)
  2 iguanas
  10 orc wizards
  2 killer bee zombies
  2 hound skeletons (D:4)
  3 howler monkey zombies
  21 gnolls
  9 adders
  An ufetubus (D:5)
  An adder zombie (D:5)
  3 worms
  3 dart slugs
  65 orcs
  4 endoplasms
  4 giant cockroaches
  8 goblins
  7 hobgoblins
  12 jackals
  15 kobolds
  A quokka (D:4)
  5 ball pythons
  3 bats
  6 rats
548 creatures vanquished.

Vanquished Creatures (others)
  A fire giant (Depths:1)
  A kobold (D:4)
  2 fungi (D:1)
  2 plants (D:1)
6 creatures vanquished.

Grand Total: 554 creatures vanquished

Notes
Turn   | Place    | Note
-------+----------+-------------------------------------------
     0 | D:1      | DildoBatman the Formicid Conjurer began the quest for the
                  | Orb.
     0 | D:1      | Reached XP level 1. HP: 13/13 MP: 3/3
   289 | D:1      | Reached XP level 2. HP: 15/19 MP: 1/5
   416 | D:1      | Learned a level 2 spell: Searing Ray
   485 | D:1      | Found Geclo's Distillery.
   516 | D:1      | Found Xaem's Book Shop.
   691 | D:1      | Reached XP level 3. HP: 21/24 MP: 1/6
   701 | D:1      | Found a faded altar of an unknown god.
   708 | D:1      | Got Plato's Volume of Darkness
   870 | D:1      | Found Dunewn's Jewellery Shoppe.
   953 | D:2      | Noticed Sigmund
  1180 | D:2      | Found a shadowy altar of Dithmenos.
  1188 | D:2      | Reached XP level 4. HP: 30/30 MP: 7/7
  1208 | D:2      | Reached skill level 5 in Conjurations
  1410 | D:3      | Learned a level 3 spell: Frozen Ramparts
  1831 | D:3      | Reached XP level 5. HP: 35/35 MP: 8/8
  2107 | D:4      | Found a runed translucent gate.
  2107 | D:4      | Found a runed translucent gate.
  2107 | D:4      | Found a runed translucent gate.
  2108 | D:4      | Noticed Quickbrownfox's ghost (amateur DsIE)
  2110 | D:4      | Identified the +8 dagger "Xuala" {spect, rN+ Str+7 Int+3}
  2110 | D:4      | Identified the +3 leather armour "Haivaiff" {rN+}
  2244 | D:4      | Found an opulent altar of Gozag.
  2255 | D:4      | Reached skill level 1 in Fighting
  2255 | D:4      | Reached skill level 1 in Armour
  2255 | D:4      | Reached XP level 6. HP: 36/43 MP: 6/9
  2279 | D:4      | Found a sacrificial altar of Ru.
  2322 | D:4      | Became a worshipper of Gozag Ym Sagoz the Greedy
  2612 | D:4      | Noticed Grinder
  2647 | D:4      | Killed Grinder
  2648 | D:4      | Reached XP level 7. HP: 35/50 MP: 9/14
  2791 | D:4      | Reached skill level 5 in Spellcasting
  2874 | D:4      | Noticed Edmund
  2898 | D:4      | Killed Edmund
  2899 | D:4      | Reached XP level 8. HP: 28/56 MP: 15/17
  3261 | D:4      | Identified the +4 plate armour "Rudeehou" {+Inv rElec}
  3580 | D:2      | Killed Sigmund
  3605 | D:2      | Learned a level 3 spell: Vampiric Draining
  3806 | D:5      | Entered Level 5 of the Dungeon
  3814 | D:4      | Reached skill level 1 in Necromancy
  4184 | D:5      | Noticed Pikel
  4206 | D:5      | Killed Pikel
  4207 | D:5      | Reached XP level 9. HP: 47/61 MP: 16/19
  4558 | D:6      | Learned a level 5 spell: Borgnjor's Vile Clutch
  4648 | D:6      | Reached skill level 1 in Earth Magic
  4686 | D:6      | Reached skill level 2 in Earth Magic
  4864 | D:6      | Found a staircase to the Ecumenical Temple.
  4874 | Temple   | Entered the Ecumenical Temple
  5186 | D:6      | Noticed Eustachio
  5205 | D:6      | Killed Eustachio
  5206 | D:6      | Reached skill level 3 in Earth Magic
  5526 | D:7      | Reached skill level 4 in Earth Magic
  5531 | D:7      | Reached XP level 10. HP: 40/67 MP: 14/20
  5584 | D:7      | Found a runed translucent door.
  5585 | D:7      | Noticed Crazy Yiuf
  5590 | D:7      | Killed Crazy Yiuf
  5781 | D:7      | Reached skill level 5 in Earth Magic
  5851 | D:7      | Reached skill level 6 in Earth Magic
  5868 | D:7      | Noticed Harold
  5883 | D:7      | Killed Harold
  5884 | D:7      | Reached skill level 8 in Earth Magic
  6468 | D:8      | Reached skill level 9 in Earth Magic
  6738 | D:8      | Found Dobuleab's Assorted Antiques.
  6744 | D:8      | Bought a lumpy grey potion for 15 gold pieces
  6744 | D:8      | Bought a bubbling yellow potion for 15 gold pieces
  6744 | D:8      | Bought a scroll of identify for 34 gold pieces
  6744 | D:8      | Bought a coiled silver ring for 85 gold pieces
  6744 | D:8      | Identified the ring "Weupp" {+Blink MP+9} (You bought it in
                  | a shop on level 8 of the Dungeon)
  6744 | D:8      | Bought a scroll labelled ELUMOE JUDOBAU for 17 gold pieces
  6744 | D:8      | Bought a scroll labelled ELUMOE JUDOBAU for 17 gold pieces
  6744 | D:8      | Bought a scroll labelled VEMMOL TAWI for 17 gold pieces
  6744 | D:8      | Bought a scroll labelled WOMIMI CAPN for 17 gold pieces
  6744 | D:8      | Bought a scroll labelled SEJIEL MARA for 17 gold pieces
  6923 | D:8      | Identified 2 scrolls of acquirement
  7098 | D:4      | Killed Quickbrownfox's ghost
  7362 | D:1      | Bought a potion of degeneration for 12 gold pieces
  7362 | D:1      | Bought a potion of brilliance for 48 gold pieces
  7362 | D:1      | Bought a potion of curing for 36 gold pieces
  7362 | D:1      | Bought a potion of heal wounds for 60 gold pieces
  7362 | D:1      | Bought a potion of invisibility for 96 gold pieces
  7362 | D:1      | Bought a potion of magic for 96 gold pieces
  7362 | D:1      | Bought a potion of resistance for 120 gold pieces
  7362 | D:1      | Bought a potion of curing for 36 gold pieces
  7362 | D:1      | Bought a potion of brilliance for 48 gold pieces
  7362 | D:1      | Bought a potion of curing for 36 gold pieces
  7362 | D:1      | Bought a potion of curing for 36 gold pieces
  7500 | D:9      | Reached XP level 11. HP: 46/72 MP: 21/21
  7580 | D:9      | Reached skill level 10 in Necromancy
  7580 | D:9      | Reached skill level 10 in Earth Magic
  8151 | D:10     | Entered Level 10 of the Dungeon
  8346 | D:10     | Reached skill level 11 in Earth Magic
  8443 | D:10     | Noticed a two-headed ogre
  8461 | D:10     | Killed a two-headed ogre
  8725 | D:10     | Found a staircase to the Orcish Mines.
  8882 | D:10     | Noticed a two-headed ogre
  8894 | D:10     | Killed a two-headed ogre
  8895 | D:10     | Reached skill level 12 in Earth Magic
  9416 | D:10     | Found a staircase to the Lair.
  9468 | D:11     | Noticed Josephine
  9468 | D:11     | Noticed Erolcha
  9501 | D:10     | Killed Josephine
  9502 | D:10     | Reached XP level 12. HP: 74/78 MP: 22/22
  9811 | Orc:1    | Entered Level 1 of the Orcish Mines
  9820 | Orc:1    | Noticed Jorgrun
  9828 | Orc:1    | Killed Jorgrun
  9834 | Orc:1    | Noticed Maurice
  9848 | Orc:1    | Killed Maurice
  9985 | Orc:1    | Noticed a two-headed ogre
  9993 | Orc:1    | Killed a two-headed ogre
 10381 | Orc:2    | Entered Level 2 of the Orcish Mines
 10471 | Orc:2    | Noticed an ogre mage
 10480 | Orc:2    | Killed an ogre mage
 10481 | Orc:2    | Reached skill level 5 in Fighting
 10481 | Orc:2    | Reached skill level 5 in Armour
 10486 | Orc:2    | Noticed a two-headed ogre
 10494 | Orc:2    | Killed a two-headed ogre
 10495 | Orc:2    | Reached skill level 5 in Ice Magic
 10658 | Orc:2    | Reached XP level 13. HP: 91/91 MP: 25/25
 10680 | Orc:2    | Noticed an ogre mage
 10687 | Orc:2    | Killed an ogre mage
 10737 | Orc:2    | Reached skill level 5 in Shields
 10785 | Orc:2    | Found Suimew's Overcharged Wands.
 11248 | Orc:2    | Found Quxehamu's Antique Weapon Shoppe.
 11257 | Orc:2    | Found Mituwasch's Antique Weapon Boutique.
 11279 | Orc:2    | Found Odiah's Distillery.
 11287 | Orc:2    | Found Yffygybo's Weapon Emporium.
 11368 | Orc:2    | Reached skill level 13 in Earth Magic
 11403 | Orc:2    | Found a staircase to the Elven Halls.
 11519 | Orc:2    | Bought a potion of ambrosia for 128 gold pieces
 11519 | Orc:2    | Bought a potion of brilliance for 64 gold pieces
 11519 | Orc:2    | Bought a potion of heal wounds for 80 gold pieces
 11519 | Orc:2    | Bought 2 potions of heal wounds for 160 gold pieces
 11519 | Orc:2    | Bought a potion of mutation for 128 gold pieces
 11519 | Orc:2    | Bought a potion of mutation for 128 gold pieces
 11688 | Orc:2    | Bought a potion of flight for 48 gold pieces
 11688 | Orc:2    | Bought a potion of lignification for 48 gold pieces
 11689 | Orc:2    | Gained mutation: You are agile. (Dex +2) [potion of
                  | mutation]
 11689 | Orc:2    | Gained mutation: Your spells are a little easier to cast,
                  | but a little less powerful. [potion of mutation]
 11689 | Orc:2    | Gained mutation: You possess an exceptional clarity of
                  | mind. [potion of mutation]
 11689 | Orc:2    | Gained mutation: Your muscles are strong. (Str +2) [potion
                  | of mutation]
 11728 | Orc:2    | Bought a wand of iceblast (25) for 493 gold pieces
 11728 | Orc:2    | Bought a wand of acid (25) for 986 gold pieces
 11740 | Orc:2    | Bought a dazzling flail for 272 gold pieces
 11740 | Orc:2    | Identified the +9 flail of Brutal Revenge {vorpal, rN+}
                  | (You bought it in a shop on level 2 of the Orcish Mines)
 12014 | D:11     | Noticed Snorg
 12026 | D:11     | Killed Snorg
 12135 | D:11     | Found Lynesin's Gadget Gallery.
 12368 | D:11     | Killed Erolcha
 12369 | D:11     | Reached skill level 14 in Earth Magic
 12576 | D:12     | Reached XP level 14. HP: 69/98 MP: 26/26
 12610 | D:12     | Reached skill level 15 in Earth Magic
 12744 | D:12     | Found a gate leading to a gauntlet.
 12793 | D:12     | Acquired 966 gold pieces
 12794 | D:12     | Acquired the ring "Ninad" {rF+ Dex+6 Stlth+}
 12815 | Gauntlet | Entered a Gauntlet
 12815 | Gauntlet | Found a transporter.
 12815 | Gauntlet | Found a transporter.
 12824 | Gauntlet | Found a transporter.
 12827 | Gauntlet | Found a transporter.
 12835 | Gauntlet | Found a transporter.
 12839 | Gauntlet | Found a transporter.
 12847 | Gauntlet | Found a transporter.
 12864 | Gauntlet | Found a transporter.
 12878 | Gauntlet | Found a transporter.
 12882 | Gauntlet | Found a transporter.
 12890 | Gauntlet | Found a transporter.
 12894 | Gauntlet | Found a transporter.
 13506 | Gauntlet | Reached skill level 16 in Earth Magic
 13516 | Gauntlet | Identified the +2 helmet of Foolhardiness {Int+6}
 13675 | Gauntlet | Noticed a minotaur
 13684 | Gauntlet | Killed a minotaur
 13915 | D:12     | Found a stormy altar of Qazlal.
 14086 | D:12     | Reached skill level 17 in Earth Magic
 14446 | D:13     | Found Karchoty's Serpentskin Sales.
 14864 | D:12     | Reached skill level 18 in Earth Magic
 14972 | D:13     | Reached XP level 15. HP: 81/103 MP: 15/27
 15515 | D:14     | Identified the +8 whip of Optimality {vorpal, Drain rC++
                  | rCorr Int+3}
 15522 | D:14     | Identified the +7 plate armour of the Red Skies {rCorr
                  | Slay+3}
 15632 | D:14     | Found a gate to the Vaults.
 15901 | D:14     | Noticed Kirke
 16042 | D:14     | Reached skill level 10 in Shields
 16342 | D:14     | Noticed a sphinx
 16346 | D:14     | Killed Kirke
 16668 | D:15     | Entered Level 15 of the Dungeon
 16679 | D:15     | Found a white marble altar of Elyvilon.
 16706 | D:15     | Identified the +8 flail "Isocw" {chaos, rPois MP+9 Int+2}
 16754 | D:15     | Noticed Agnes
 16778 | D:14     | Killed Agnes
 17164 | D:15     | Reached skill level 5 in Dodging
 17805 | D:15     | Found a staircase to the Depths.
 18157 | Depths:1 | Entered Level 1 of the Depths
 18183 | Depths:1 | Reached XP level 16. HP: 115/115 MP: 28/28
 18225 | Depths:1 | Noticed a lich
 19534 | Depths:1 | Killed a lich
 19755 | Depths:1 | Noticed a fire giant
 19765 | Depths:1 | Killed a fire giant
 19944 | Depths:1 | Identified the +1 glaive "Rygeddif" {flame, rC+}
 19962 | Depths:1 | Noticed an iron dragon
 20024 | Depths:1 | Found the +6 shillelagh "Devastator" {shatter}
 20049 | Depths:1 | Killed an iron dragon
 20076 | Depths:1 | Noticed a fire giant
 20121 | Depths:1 | Killed a fire giant
 21215 | Depths:1 | Reached XP level 17. HP: 74/127 MP: 29/29
 21297 | Depths:1 | Found a gateway to a ziggurat.
 21309 | Depths:1 | Found a gateway to Hell.
 21333 | Depths:1 | Reached skill level 10 in Fighting
 21333 | Depths:1 | Reached skill level 10 in Armour
 21767 | Depths:1 | Found a glowing golden altar of the Shining One.
 22247 | Depths:1 | Acquired 607 gold pieces
 22252 | Depths:2 | Noticed a storm dragon
 22612 | Depths:2 | HP: 5/128 [storm dragon (18)]
 22614 | Depths:2 | Slain by a storm dragon

Illustrated notes

Levels and vault maps discovered:
D:1:      dpeg_arrival_morbid_curiosity, layout_basic, serial_shops,
          nicolae_shop_waterfront, shop_statue, shop,
          shapermc_ecumenical_altar_rom_forum, moated_statue
D:2:      layout_rooms, basic_altar, kennysheep_doodads, st_stairs_6,
          kennysheep_decorative_pillar, minmay_distorted, uniq_sigmund
D:3:      layout_basic
D:4:      layout_basic, mainiacjoe_overflow_catch_the_wave,
          biasface_ghost_orc_armoury, uniq_edmund, uniq_grinder
D:5:      layout_cave_pools, serial_column_ruins, column_ruins_hut,
          column_ruins_square_small, column_ruins_corridor_dead_end,
          column_ruins_open_tiny, column_ruins_columns_corner,
          column_ruins_open_small, column_ruins_columns_corner,
          column_ruins_open_large, uniq_pikel
D:6:      layout_gridville, minmay_temple_entry_trees, serial_glass,
          glass_columns_b, glass_columns_a, uniq_eustachio
D:7:      layout_loops_ring, uniq_crazy_yiuf_cottage, uniq_harold
D:8:      layout_loops_ring, serial_shops, kennysheep_little_box
D:9:      layout_basic, st_stairs_2
D:10:     layout_irregular_city, erik_lair_dragon, david_orc_5
D:11:     layout_cave_pools, nicolae_shop_gadgets, uniq_josephine, uniq_snorg,
          uniq_erolcha
D:12:     layout_rooms, gauntlet_entry_generic, serial_aquarium,
          aquarium_bridge_square [aquarium_subvault_window,
          aquarium_subvault_wall, aquarium_subvault_bridge,
          aquarium_subvault_wall], aquarium_window_3, aquarium_window_double,
          aquarium_view_2c, nicolae_qazlal_general_emergency
D:13:     layout_cave_pools, eino_curves_02, guppyfry_shop_venom
D:14:     layout_long_grid, david_vaults_2, uniq_kirke
D:15:     hangedman_depths_entry_try_elsewhere_first, layout_long_grid,
          elyvilon_altar_1, uniq_agnes
Temple:   regret_index_temple_chain_breaker
Orc:1:    layout_diamond_mine, basic_altar, uniq_jorgrun, uniq_maurice
Orc:2:    st_orc_open, layout_caves, nicolae_shop_overcharged_wands
Depths:1: minmay_roctagon, layout_cave_shapes, enter_ziggurat_f,
          nicolae_tso_carved_into_rock, grunt_mini_vestibule, st_stairs_11,
          minmay_misc_feat_rugged, hangedman_decor_push,
          minmay_misc_feat_enclosed, corexii_leaking_fountain,
          minmay_alternating_orb
Depths:2: minmay_inside_and_out, layout_gridlike, hell_entry,
          minmay_staircase_statues, serial_glass, glass_columns_a,
          glass_columns_a, glass_columns_a, glass_columns_a, glass_columns_b,
          glass_columns_b, minmay_shop_grove

Skill      XL: |  1  2  3  4  5  6  7  8  9 10 11 12 13 14 15 16 17 |
---------------+----------------------------------------------------+-----
Conjurations   | 4 5 6 |  6.0
Fighting       | 1 2 5 7 9 10 | 10.0
Armour         | 1 2 5 7 9 10 | 10.0
Spellcasting   | 4 6 7 8 |  8.0
Necromancy     | 7 8 9 11 12 | 12.0
Earth Magic    | 4 9 12 14 18 | 18.4
Shields        | 2 3 9 10 12 13 | 13.6
Dodging        | 3 5 7 |  7.0
Ice Magic      | 5 6 |  6.0
Stealth        | |  2.4

Action                   |  1- 3 |  4- 6 |  7- 9 | 10-12 | 13-15 | 16-18 || total
-------------------------+-------+-------+-------+-------+-------+-------++-------
Melee: Mace              |    13 |       |       |     8 |       |       ||    21
       Dagger            |       |    15 |       |    38 |   102 |    31 ||   186
       Flail             |       |       |       |       |    33 |     2 ||    35
       Unarmed           |       |       |       |       |     7 |       ||     7
       Whip              |       |       |       |       |       |    39 ||    39
 Fire: Hunting sling     |    16 |    34 |    26 |       |       |       ||    76
       Shortbow          |       |       |    13 |   227 |   240 |   112 ||   592
 Cast: Magic Dart        |    47 |     6 |    21 |       |     1 |     1 ||    76
       Searing Ray       |     4 |    18 |    50 |    30 |    13 |    13 ||   128
       Vampiric Draining |       |       |     1 |    17 |    30 |    22 ||    70
       Borgnjor's Vile C |       |       |       |    87 |   200 |   130 ||   417
       Frozen Ramparts   |       |       |       |       |    17 |     1 ||    18
Invok: Call Merchant     |       |       |       |       |     1 |       ||     1
 Abil: Dig               |     4 |    12 |     7 |    27 |    43 |    22 ||   115
Evoke: Piece from Xom's  |       |       |       |       |     1 |       ||     1
  Use: Scroll            |       |     2 |       |     6 |     6 |     3 ||    17
       Potion            |       |       |       |       |     4 |     1 ||     5
 Stab: Distracted        |       |       |       |     2 |     1 |       ||     3
       Sleeping          |       |       |       |       |     1 |       ||     1
Armor: Robe              |     9 |    16 |    13 |    10 |       |       ||    48
       Leather armour    |       |       |       |    39 |    53 |    22 ||   114
Dodge: Dodged            |    13 |    23 |    33 |    72 |   123 |    60 ||   324
Block: Other             |       |       |       |    22 |       |       ||    22
       Buckler           |       |       |       |    15 |    52 |       ||    67
       Reflection        |       |       |       |     1 |    25 |    10 ||    36
       Kite shield       |       |       |       |       |   186 |   109 ||   295
       Rpst.: Falchion   |       |       |     1 |       |       |       ||     1
